 Dungeon Crawl Stone Soup version 0.29.0-5-ge4962eb29e (webtiles) character file.

Game seed: 5727428219818872432

51 Arcadio the Stinger (level 3, 0/24 HPs)
             Began as a Merfolk Venom Mage on Aug 29, 2022.
             Slain by Ijyb
             ... wielding a +3 spectral club
              (6 damage)
             ... on level 4 of the Dungeon.
             The game lasted 00:05:01 (3423 turns).

Arcadio the Stinger (Merfolk Venom Mage)            Turns: 3423, Time: 00:05:01

Health: 0/24       AC:  2    Str: 14    XL:     3   Next: 81%
Magic:  10/16      EV: 13    Int: 16    God:
Gold:   142        SH:  0    Dex: 14    Spells: 1/7 levels left

rFire   . . .      SeeInvis .   e - +0 dagger
rCold   . . .      Faith    .   (no shield)
rNeg    . . .      Spirit   .   a - +0 robe
rPois   .          Reflect  .   (no helmet)
rElec   .          Harm     .   (no cloak)
rCorr   .          Rampage  .   (no gloves)
Will    .....                   (no boots)
Stlth   ++........              (no amulet)
HPRegen 0.08/turn               m - ring of magical power
MPRegen 0.15/turn               q - +6 ring of strength

@: no status effects
A: (nimble swimmer 2), mertail
a: no special abilities


You were on level 4 of the Dungeon.
You visited 1 branch of the dungeon, and saw 4 of its levels.

You collected 142 gold pieces.

Inventory:

Hand Weapons
 e - a +0 dagger (weapon)
 f - a +0 mace
Armour
 a - a +0 robe (worn)
 n - the +5 ring mail of a bailey {SInv}
   (You found it on level 3 of the Dungeon)

   SInv:      It lets you see invisible.
Jewellery
 m - a ring of magical power (left hand)
 q - a +6 ring of strength (right hand)
Scrolls
 d - 3 scrolls of teleportation
 h - 2 scrolls of torment {unknown}
 i - a scroll of fear {unknown}
 j - a scroll of vulnerability {unknown}
 l - a scroll of identify {unknown}
 o - a scroll of blinking {unknown}
 p - a scroll of immolation {unknown}
Potions
 b - a potion of magic
 c - 5 potions of brilliance {unknown}
 g - a potion of flight {unknown}
 k - a potion of haste {unknown}
 r - a potion of curing {unknown}
 s - a potion of attraction {unknown}
 t - a potion of cancellation {unknown}


   Skills:
 + Level 3.7 Dodging
 - Level 2.1 Stealth
 + Level 2.7 Spellcasting
 - Level 1.3 Transmutations
 + Level 3.9 Poison Magic


You had one spell level left.
You knew the following spells:

 Your Spells              Type           Power      Damage    Failure   Level
a - Sting                 Tmut/Pois      40%        1d5       6%          1
b - Poisonous Vapours     Pois/Air       16%        N/A       13%         2
c - Mephitic Cloud        Conj/Pois/Air  6%         N/A       32%         3

Your spell library contained the following spells:

 Spells                   Type           Power      Damage    Failure   Level
 Olgreb's Toxic Radiance  Pois           14%        N/A       36%         4


Dungeon Overview and Level Annotations

Branches:
Dungeon (4/15) Zot: 20579
 Temple: D:4-7

Altars:

Annotations:
D:4 Ijyb


Innate Abilities, Weirdness & Mutations

((You are very nimble when in or above water. (Stealth+, EV+, Speed+++)))
Your lower body shifts to a powerful aquatic tail in water.


Message History

Ijyb hits you with a +3 spectral club.
Casting: Sting (safe; 6% risk of failure)
Confirm with . or Enter, or press ? or * to list all spells.
Aiming: Poisonous Vapours (safe; 13% risk of failure)
Press: ? - help, Dir - move target, f/p - Ijyb
Aim: Ijyb, wielding a +3 spectral club, wearing a +3 ring mail of willpower and carrying a wand of iceblast (2) (very poisoned) Poisonous vapours surround Ijyb!
Ijyb looks even sicker.
Ijyb barely misses you.
Casting: Poisonous Vapours (safe; 13% risk of failure)
Confirm with . or Enter, or press ? or * to list all spells.
Aiming: Poisonous Vapours (safe; 13% risk of failure)
Press: ? - help, Dir - move target, f/p - Ijyb
Aim: Ijyb, wielding a +3 spectral club, wearing a +3 ring mail of willpower and carrying a wand of iceblast (2) (very poisoned)
You miscast Poisonous Vapours.
You are very lightly contaminated with residual magic.
Nothing appears to happen.
Ijyb misses you.
You hit Ijyb but do no damage. Ijyb hits you with a +3 spectral club!
* * * LOW HITPOINT WARNING * * *
There is a stone staircase leading up here.
Casting: Poisonous Vapours (safe; 13% risk of failure)
Confirm with . or Enter, or press ? or * to list all spells.
Okay, then.
Casting: Poisonous Vapours (safe; 13% risk of failure)
Confirm with . or Enter, or press ? or * to list all spells.
The spell is extremely dangerous to miscast (32% risk of failure)!
Continue anyway?
Okay, then.
You hit Ijyb but do no damage.
Ijyb is moderately wounded.
Ijyb barely misses you.
Unknown command.
You barely miss Ijyb.
Ijyb is moderately wounded.
Ijyb hits you with a +3 spectral club.
* * * LOW HITPOINT WARNING * * *
Ijyb hits you with a +3 spectral club.
* * * LOW HITPOINT WARNING * * *
Your magical contamination has completely faded away.
Ijyb attacks as you move away! Ijyb closely misses you.
Ijyb attacks as you move away! Ijyb hits you with a +3 spectral club.
You die...

########
#......#
#.<....#
#......# #
#...g@.#
#...##......#
#....<....#
#...##...!.##
...
#......... ..
########## .


You could see Ijyb (poisoned).

Vanquished Creatures
  A worm (D:2)
  A dart slug (D:3)
  An orc (D:2)
  6 ball pythons
  A bat (D:1)
  4 endoplasms (D:1)
  2 giant cockroaches
  3 goblins (D:1)
  4 hobgoblins
  2 jackals (D:2)
  A quokka (D:2)
  A frilled lizard (D:1)
  5 kobolds
  10 rats
42 creatures vanquished.

Notes
Turn   | Place    | Note
-------+----------+-------------------------------------------
     0 | D:1      | Arcadio the Merfolk Venom Mage began the quest for the Orb.
     0 | D:1      | Reached XP level 1. HP: 13/13 MP: 3/3
   286 | D:1      | Reached XP level 2. HP: 15/19 MP: 3/5
  1542 | D:2      | Reached XP level 3. HP: 24/24 MP: 6/6
  1597 | D:2      | Learned a level 2 spell: Poisonous Vapours
  1601 | D:2      | Learned a level 3 spell: Mephitic Cloud
  2710 | D:3      | Identified the +5 ring mail of a bailey {SInv}
  3407 | D:4      | Noticed Ijyb
  3423 | D:4      | Slain by Ijyb

Illustrated notes

Levels and vault maps discovered:
D:1:      onia_arrival_mini_maze, layout_basic, minmay_indecisive_spiral
D:2:      layout_basic
D:3:      layout_loops_corners
D:4:      layout_loops_cross, mainiacjoe_overflow_brackets,
          nicolae_wooded_promenade, minmay_bisected, uniq_ijyb, uniq_edmund

Skill      XL: |  1 |
---------------+----+-----
Dodging        | 3 |  3.7
Stealth        | |  2.1
Spellcasting   | |  2.7
Transmutations | |  1.3
Poison Magic   | |  3.9

Action                   || total
-------------------------++-------
Melee: Dagger            ||    71
       Unarmed           ||     1
       Punch             ||     1
 Cast: Sting             ||    30
       Poisonous Vapours ||    18
  Use: Scroll            ||     1
 Stab: Sleeping          ||     2
Armor: Robe              ||     7
Dodge: Dodged            ||    44
